Map: Catalyst LE

Players

Cookie - Winner!

  • Race: Protoss Protoss
  • League: Platinum
  • Spawn Location: 11:00

ILIEKEGGPIE

  • Race: Protoss Protoss
  • League: Platinum
  • Spawn Location: 5:00

VOD

Have the link to the VOD?

Description

Time

  • Played on: April 10, 2018, 9:58 a.m.
  • Length: 8:40
Show
View Real Time Build Order
Export as new Build Order

Cookie Protoss - Winner!

Build Orders:  

Get SALT Encoding   

  12  0:00  Probe  
  13  0:13  Probe  
  14  0:19  Pylon  
  14  0:25  Probe  
  15  0:37  Probe  
  15  0:40  Gateway  
  16  0:49  Probe  
  17  0:51  Assimilator  
  17  1:01  Probe  
  17  1:03  Assimilator  
  18  1:13  Probe  
  18  1:16  Gateway  
  19  1:25  Probe  
  20  1:37  Cybernetics Core, Probe (Chrono Boost)  
  21  1:45  Pylon  
  21  1:54  Probe (Chrono Boost)  
  22  2:00  Probe (Chrono Boost)  
  23  2:11  Warp Gate (Chrono Boost)  
  23  2:13  Pylon  
  23  2:16  Stalker  
  25  2:23  Stalker  
  27  2:32  Probe  
  28  2:44  Probe  
  29  2:57  Robotics Facility  
  29  3:01  Gateway  
  29  3:02  Gateway  
  29  3:14  Gateway  
  29  3:20  Pylon  
  29  3:27  Stalker  
  29  3:28  Stalker  
  33  3:40  Shield Battery  
  33  3:48  Immortal (Chrono Boost)  
  37  4:08  Stalker x2  
  41  4:22  Immortal (Chrono Boost)  
  45  4:30  Stalker  
  45  4:38  Stalker  
  45  4:46  Stalker  
  47  5:17  Shield Battery  
  47  5:27  Pylon  
  47  5:34  Pylon  
  47  5:43  Immortal (Chrono Boost)  
  47  5:47  Stalker x2  
  55  5:52  Stalker x2  
  59  6:12  Pylon  
  59  6:16  Stalker  
  61  6:21  Pylon  
  61  6:27  Stalker  
  63  6:37  Stalker  
  63  6:38  Stalker  
  47  6:50  Stalker  
  47  6:59  Stalker  
  47  7:09  Immortal  
  51  7:25  Stalker x2  
  51  7:44  Stalker  
  51  7:45  Stalker  
  51  7:48  Observer (Chrono Boost)  
  56  8:01  Stalker x2  
  56  8:28  Stalker x2  
Show
View Real Time Build Order
Export as new Build Order

ILIEKEGGPIE Protoss 

Build Orders:  

Get SALT Encoding   

  12  0:01  Probe  
  13  0:13  Probe  
  14  0:18  Pylon  
  14  0:25  Probe  
  15  0:37  Probe  
  15  0:40  Gateway  
  16  0:49  Probe  
  17  0:55  Assimilator  
  17  1:01  Probe  
  18  1:10  Assimilator  
  18  1:14  Probe  
  19  1:23  Pylon  
  19  1:27  Cybernetics Core  
  19  1:32  Probe  
  20  1:45  Gateway  
  20  1:54  Probe  
  21  2:02  Warp Gate (Chrono Boost)  
  21  2:06  Probe  
  22  2:15  Stalker  
  22  2:19  Probe  
  25  2:26  Robotics Facility  
  25  2:33  Stalker  
  27  2:47  Pylon  
  27  2:49  Gateway  
  26  2:59  Stalker  
  28  3:14  Immortal (Chrono Boost)  
  32  3:23  Stalker (Chrono Boost)  
  38  3:45  Pylon  
  38  3:55  Observer  
  35  4:01  Stalker x2  
  39  4:04  Sentry  
  41  4:25  Nexus  
  41  4:49  Immortal (Chrono Boost)  
  41  4:51  Stalker  
  47  5:00  Pylon  
  47  5:20  Forge x2  
  47  5:35  Pylon  
  47  5:37  Probe (Chrono Boost)  
  48  5:45  Sentry x2  
  48  5:47  Probe (Chrono Boost)  
  54  5:50  Probe (Chrono Boost)  
  54  5:54  Protoss Ground Weapons Level 1  
  56  5:57  Probe (Chrono Boost)  
  56  5:58  Protoss Ground Armor Level 1, Probe (Chrono Boost)  
  56  6:03  Probe (Chrono Boost)  
  58  6:04  Probe (Chrono Boost)  
  58  6:15  Probe  
  59  6:25  Probe  
  60  6:27  Probe  
  61  6:33  Assimilator  
  61  6:35  Assimilator  
  61  6:37  Probe  
  61  6:39  Probe  
  53  6:40  Stalker x3  
  49  6:49  Immortal (Chrono Boost), Probe  
  40  7:04  Stalker x2  
  44  7:11  Sentry  
  46  7:32  Sentry  
  46  7:33  Stalker x2  
  52  7:58  Sentry  
  54  8:02  Pylon  
  54  8:06  Pylon  
  54  8:15  Pylon  
  52  8:29  Stalker  
Tags
 
Matchup
PvP
Replay Pack
Multi
Spawn Locations
Cross Positions
Add a new tag
Caveats
  • Supply blocks, unpowered buildings, or Contaminate may cause inaccurate times.
  • Supply counts are checked every 10 seconds.